 Dungeon Crawl Stone Soup version 0.30-a0-172-gc5509c9e31 (webtiles) character file.

Game seed: 8815539194626893341

34 LnG the Caller (level 3, 0/19 HPs)
             Began as a Kobold Summoner on Oct 1, 2022.
             Slain by a jackal (3 damage)
             ... on level 1 of the Dungeon.
             The game lasted 00:04:23 (1086 turns).

LnG the Caller (Kobold Summoner)                    Turns: 1086, Time: 00:04:24

Health: 0/19       AC:  2    Str:  5    XL:     3   Next: 50%
Magic:  3/6        EV: 15    Int: 18    God:
Gold:   35         SH:  0    Dex: 15    Spells: 1/7 levels left

rFire   x . .      SeeInvis .    c - +1 dagger
rCold   + . .      Faith    .    (no shield)
rNeg    . . .      Spirit   .    a - +0 robe
rPois   .          Reflect  .    (no helmet)
rElec   .          Harm     .    (no cloak)
rCorr   .          Rampage  .    (no gloves)
Will    .....                    (no boots)
Stlth   +++.......               (no amulet)
HPRegen 0.23/turn                h - ring of ice
MPRegen 0.10/turn                j - ring of wizardry

@: weak-willed
A: small, no large weapons, nightstalker 3
a: no special abilities


You were on level 1 of the Dungeon.
You visited 1 branch of the dungeon, and saw 2 of its levels.

You collected 35 gold pieces.

Inventory:

Hand Weapons
 c - a +1 dagger (weapon)
Armour
 a - a +0 robe (worn)
Jewellery
 h - a ring of ice (left hand)
 j - a ring of wizardry (right hand)
Scrolls
 f - a scroll of vulnerability
Potions
 d - a potion of mutation {unknown}
 e - a potion of might {unknown}
 g - a potion of degeneration {unknown}


   Skills:
 + Level 0.2 Short Blades
 + Level 2.8 Dodging
 + Level 3.0 Stealth
 + Level 2.5 Spellcasting
 + Level 4.6 Summonings


You had one spell level left.
You knew the following spells:

 Your Spells              Type           Power      Damage    Failure   Level
a - Summon Small Mammal   Summ           72%        N/A       1%          1
b - Call Imp              Summ           18%        N/A       1%          2
c - Call Canine Familiar  Summ           18%        N/A       3%          3

Your spell library contained the following spells:

 Spells                   Type           Power      Damage    Failure   Level
 Summon Guardian Golem    Hex/Summ       10%        N/A       9%          3
 Summon Lightning Spire   Summ/Air       10%        N/A       26%         4


Dungeon Overview and Level Annotations

Branches:
Dungeon (2/15)

Altars:

Shops:
D:1 (


Innate Abilities, Weirdness & Mutations

You are small and have problems with some larger weapons.
You are completely attuned to the shadows.


Message History

The jackal bites you. The jackal barely misses you.
Casting: Summon Small Mammal (safe; 1% risk of failure)
Confirm with . or Enter, or press ? or * to list all spells.
A beastly little devil appears in a puff of flame.
The jackal bites you. The jackal closely misses you.
The jackal barely misses you.
The jackal bites you but does no damage.
The jackal misses you.
The jackal bites you but does no damage.
You hit the jackal.
You kill the jackal!
The jackal misses you. The jackal bites you.
* * * LOW HITPOINT WARNING * * *
Your crimson imp closely misses the jackal.
You hit the jackal.
The jackal is moderately wounded.
The jackal barely misses you. The jackal closely misses you.
Your crimson imp barely misses the jackal.
The jackal closely misses you. The jackal misses you.
Unknown command.
You barely miss the jackal.
The jackal is moderately wounded.
The jackal barely misses you. The jackal misses you.
Your crimson imp blinks!
Unknown command.
You completely miss the jackal.
The jackal is moderately wounded.
The jackal bites you but does no damage.
The jackal closely misses you.
Your crimson imp blinks!
Unknown command.
Magic courses through your body. The jackal completely misses you.
The jackal barely misses you. The jackal bites you.
* * * LOW HITPOINT WARNING * * *
The jackal bites you but does no damage.
Casting: Call Imp (safe; 1% risk of failure)
Confirm with . or Enter, or press ? or * to list all spells.
The spell is quite dangerous to miscast (3% risk of failure)!
Continue anyway?
The jackal bites you.
You die...

##### ###### ##≈≈≈#
#....# #≈≈≈≈≈
###§...######≈~∩~≈
#@h..5.†....'≈~.~≈
#######†h....######.~.~.
#.....h...##### #.....
#.######......# #.....
#.#....#...##.## ######
#.#.##.#.#..#..##
#.#.#..#.##.##..##
#.#..............##
#.####.##.#...#...#


You could see 2 jackals, a friendly hound (summoned) and a friendly crimson imp
(summoned).

Vanquished Creatures
  A ball python (D:1)
  2 bats (D:1)
  2 endoplasms (D:1)
  2 goblins (D:1)
  2 hobgoblins (D:1)
  2 jackals (D:1)
  A frilled lizard (D:1)
12 creatures vanquished.

Vanquished Creatures (collateral kills)
  A dart slug (D:1)
  3 bats
  2 endoplasms
  A giant cockroach (D:1)
  4 jackals
  A quokka (D:1)
  3 rats (D:1)
15 creatures vanquished.

Grand Total: 27 creatures vanquished

Notes
Turn   | Place    | Note
-------+----------+-------------------------------------------
     0 | D:1      | LnG the Kobold Summoner began the quest for the Orb.
     0 | D:1      | Reached XP level 1. HP: 10/10 MP: 3/3
    74 | D:1      | Reached XP level 2. HP: 15/15 MP: 5/5
    77 | D:1      | Learned a level 2 spell: Call Imp
   572 | D:1      | Found a faded altar of an unknown god.
   789 | D:1      | Found Wynin's Weapon Shop.
   797 | D:1      | Reached XP level 3. HP: 15/19 MP: 3/6
   801 | D:1      | Learned a level 3 spell: Call Canine Familiar
  1086 | D:1      | Slain by a jackal

Illustrated notes

Levels and vault maps discovered:
D:1:      amcnicky_arrival_double_pillar, layout_basic, serial_shops,
          nicolae_shop_waterfront, basic_ecumenical_altar
D:2:      layout_rooms

Skill      XL: |  1  2  3 |
---------------+----------+-----
Stealth        | 3 |  3.0
Short Blades   | |  0.2
Dodging        | |  2.8
Spellcasting   | |  2.5
Summonings     | |  4.6

Action                   || total
-------------------------++-------
Melee: Unarmed           ||     8
       Punch             ||     1
       Dagger            ||    53
 Cast: Summon Small Mamm ||     4
       Call Imp          ||     8
       Call Canine Famil ||     4
  Use: Scroll            ||     2
       Potion            ||     1
 Stab: Distracted        ||     2
       Sleeping          ||     2
Armor: Robe              ||    24
Dodge: Dodged            ||    88

Table legend: (Time is in decaauts)
 A = Elapsed time spent in this place.
 B = Non-inter-level travel time spent in this place.
 C = Inter-level travel time spent in this place.
 D = Time resting spent in this place.
 E = Time spent auto-exploring this place.
 F = Levels seen in this place.
 G = Mean time per level.
                   A        B        C        D        E       F      G
               +--------+--------+--------+--------+--------+-----+--------+
         Total |   1086 |   1045 |     41 |     55 |    766 |   2 |  543.0 |
       Dungeon |   1086 |   1045 |     41 |     55 |    766 |   2 |  543.0 |
               +--------+--------+--------+--------+--------+-----+--------+

Top non-repeatable levels by time:
     D:1: 999 daAuts
     D:2: 86 daAuts
